 Dungeon Crawl Stone Soup version 0.31-a0-986-g5e6e4ef867 (webtiles) character file.

Game seed: 10871081122748578632

3145 strifetoe the Cleaver (level 10, 0/84 HPs)
             Began as a Meteoran Fighter on Nov 24, 2023.
             Was a Priest of Cheibriados.
             Shot with an arrow by a centaur (8 damage)
             ... on level 9 of the Dungeon.
             The game lasted 00:12:11 (2347 turns).

strifetoe the Cleaver (Meteoran Fighter)            Turns: 2347, Time: 00:12:12

Health: 0/84       AC:  9    Str: 30    XL:     10   Next: 37%
Magic:  15/15      EV: 10    Int: 17    God:    Cheibriados [***...]
Gold:   267        SH:  6    Dex: 23    Spells: 9/9 levels left

rFire   . . .        a - +0 war axe
rCold   . . .        c - +0 buckler
rNeg    . . .        b - +0 scale mail
rPois   .            r - +1 helmet
rElec   .            (no cloak)
rCorr   .            (no gloves)
SInv    .            q - +2 pair of boots
Will    +....        (no amulet)
Stlth   +            (no ring)
HPRegen 0.34/turn    (no ring)
MPRegen 0.14/turn

%: no passive effects
@: corroded, glowing, very slow
A: sense surroundings 2, otherworldly, glowing, explore regen
a: Renounce Religion, Bend Time, Temporal Distortion


You were on level 9 of the Dungeon.
You worshipped Cheibriados.
Cheibriados was most pleased with you.
You visited 1 branch of the dungeon, and saw 9 of its levels.
You also visited: Ossuary.

You collected 267 gold pieces.

Inventory:

Hand Weapons
 a - a +0 war axe (weapon)
 k - a +0 war axe
Armour
 b - a +0 scale mail (worn)
 c - a +0 buckler (worn)
 q - a +2 pair of boots (worn)
 r - a +1 helmet (worn)
Jewellery
 t - a ring of ice
Scrolls
 g - 5 scrolls of teleportation
 i - 3 scrolls of fear
 j - a scroll of immolation
 l - 2 scrolls of amnesia
 n - 2 scrolls of identify
 o - 2 scrolls of summoning
Potions
 d - a potion of might
 e - a potion of attraction
 f - 2 potions of curing
 h - 3 potions of heal wounds
 m - 2 potions of lignification
 p - a potion of brilliance
 s - 2 potions of berserk rage
Miscellaneous
 u - a lightning rod (4/4)


   Skills:
 + Level 6.7 Fighting
 + Level 12.5 Axes
 + Level 6.6 Armour
 - Level 3.2 Shields
 - Level 5.4 Invocations


You had 9 spell levels left.
You didn't know any spells.
Your spell library contained the following spells:

 Spells                   Type           Power      Damage    Failure   Level
 Summon Small Mammal      Summ           0%         N/A       47%         1
 Call Imp                 Summ           0%         N/A       63%         2


Dungeon Overview and Level Annotations

Branches:
Dungeon (9/15) Zot: 5104   Temple (0/1) D:6         Ossuary (visited)
   Lair: D:8-11         Orc: D:9-12

Altars:
Cheibriados
Elyvilon
Vehumet
Wu Jian
Yredelemnul

Shops:
D:2 (


Innate Abilities, Weirdness & Mutations

You passively map the area around you.
You are easily found by Zot.
You glow in the dark.
You regain HP and MP as you explore.


Message History

The two-headed ogre is severely wounded.
Unknown command.
You slash the two-headed ogre!
The two-headed ogre is almost dead.
You block the two-headed ogre's attack. x2
You slash the two-headed ogre!
The two-headed ogre is almost dead.
You block the two-headed ogre's attack.
The two-headed ogre hits you with a +0 giant club!
* * * LOW HITPOINT WARNING * * *
You slice the two-headed ogre!!
You kill the two-headed ogre!
Cheibriados appreciates the change of pace.
Your Armour skill increases to level 6!
You now have 267 gold pieces (gained 21).
Found a trident and a glass wand.
Things that are here:
a +0 giant spiked club; a +0 giant club An acid dragon comes into view.
The acid dragon roars!
You hear a shout!
The acid dragon spits acid at you. The splash of acid misses you.
A centaur comes into view.
The centaur wields a +0 shortbow.
The centaur shoots an arrow.
The arrow closely misses you.
You see here a lightning rod (4/4).
u - a lightning rod (4/4)
The centaur shoots an arrow.
The arrow hits you but does no damage.
The centaur shoots an arrow.
The arrow hits you but does no damage.
You see here 4 stones.
The acid dragon spits acid at you. The splash of acid hits you!!
* * * LOW HITPOINT WARNING * * *
The acid corrodes you!
The centaur shoots an arrow.
The arrow hits you.
* * * LOW HITPOINT WARNING * * *
The acid dragon bites you!
* * * LOW HITPOINT WARNING * * *
The acid dragon claws you but does no damage.
The centaur shoots an arrow.
The arrow hits you!
You die...

, , , * #......... , ,
......... ,, , , , ,
,......... * * * , ,
......... < .....c..# ** * ,*
, , ........# * ........### ,
, #...)@..# , *#....D(.# ,* ,
#.......# * * , ,
#.......#### * * *** , **
#............ #.......##### *
** #.......## ###
...#########)...........###**
....................###.#.. ,


You could see an acid dragon (catching breath) and a centaur.

Vanquished Creatures
  A two-headed ogre (D:9)
  A cyclops (D:8)
  Grinder (D:4)
  Eustachio (D:6)
  3 sky beasts
  An ice beast (D:5)
  A centaur (D:8)
  A phantom (D:4)
  A kobold brigand (D:8)
  5 bullfrogs
  A scorpion (D:6)
  5 water moccasin zombies (Ossuary)
  3 orc priests
  2 gnoll boudas
  2 sleepcaps
  Natasha (twice) (D:3)
  2 iguanas
  4 orc wizards
  2 mummies (Ossuary)
  4 gnolls (D:7)
  2 adders
  A shadow imp (D:7)
  A white imp (D:6)
  5 adder zombies (Ossuary)
  7 dart slugs
  20 orcs
  5 endoplasms
  3 giant cockroaches
  5 gnoll zombies (Ossuary)
  3 hobgoblins
  9 jackals
  3 kobolds (D:8)
  2 quokkas
  2 ball pythons
  2 frilled lizards
  4 hobgoblin zombies (Ossuary)
  2 kobold zombies (Ossuary)
  8 orc zombies (Ossuary)
  4 rats
131 creatures vanquished.

Notes
Turn   | Place    | Note
-------+----------+-------------------------------------------
     0 | D:1      | strifetoe the Meteoran Fighter began the quest for the Orb.
     0 | D:1      | Reached XP level 1. HP: 19/19 MP: 2/2
     7 | D:2      | Found a snail-covered altar of Cheibriados.
    15 | D:2      | Became a worshipper of Cheibriados the Contemplative
    44 | D:2      | Found a faded altar of an unknown god.
    58 | D:2      | Found Syemised's Antique Weapon Shoppe.
   112 | D:3      | Reached skill level 3 in Axes
   112 | D:3      | Reached XP level 2. HP: 26/26 MP: 3/3
   195 | D:1      | Reached XP level 3. HP: 23/31 MP: 4/4
   241 | D:2      | Reached skill level 4 in Axes
   287 | D:2      | Reached * piety under Cheibriados
   397 | D:3      | Reached XP level 4. HP: 34/38 MP: 5/5
   399 | D:3      | Reached skill level 5 in Axes
   455 | D:4      | Reached XP level 5. HP: 45/45 MP: 6/6
   487 | D:4      | Found a white marble altar of Elyvilon.
   548 | D:4      | Noticed a phantom
   581 | D:4      | Killed a phantom
   582 | D:4      | Reached skill level 6 in Axes
   697 | D:4      | Noticed Grinder
   699 | D:4      | Paralysed by Grinder for 3 turns
   710 | D:4      | Killed Grinder
   711 | D:4      | Reached skill level 8 in Axes
   711 | D:4      | Reached XP level 6. HP: 25/51 MP: 7/7
   711 | D:4      | Reached XP level 7. HP: 28/57 MP: 8/8
   842 | D:3      | Found a basalt altar of Yredelemnul.
   864 | D:3      | Reached ** piety under Cheibriados
   874 | D:3      | Found an ornate altar of the Wu Jian Council.
   906 | D:3      | Noticed Natasha
   917 | D:3      | Killed Natasha
   925 | D:3      | Noticed Natasha
   934 | D:3      | Killed Natasha
  1049 | D:5      | Entered Level 5 of the Dungeon
  1186 | D:5      | Reached skill level 9 in Axes
  1191 | D:5      | Found a radiant altar of Vehumet.
  1235 | D:5      | Reached XP level 8. HP: 61/63 MP: 9/9
  1254 | D:6      | Found a staircase to the Ecumenical Temple.
  1278 | D:6      | Reached skill level 10 in Axes
  1348 | D:6      | Noticed Eustachio
  1362 | D:6      | Killed Eustachio
  1512 | D:6      | Reached skill level 11 in Axes
  1584 | Ossuary  | Identified the "Ynazxuni"
  1600 | D:7      | Gained mutation: You passively map the area around you.
                  | [Meteoran growth]
  1600 | D:7      | Reached XP level 9. HP: 57/70 MP: 10/10
  1601 | D:7      | Reached skill level 12 in Axes
  1696 | D:7      | Reached *** piety under Cheibriados
  1702 | D:7      | Reached skill level 1 in Invocations
  1901 | D:8      | Noticed a cyclops
  1909 | D:8      | Killed a cyclops
  1910 | D:8      | Reached skill level 5 in Fighting
  1934 | D:7      | Reached skill level 5 in Armour
  1984 | D:7      | Found a sand-covered staircase.
  1995 | Ossuary  | Entered an ossuary
  2078 | Ossuary  | Reached skill level 5 in Invocations
  2082 | Ossuary  | Reached XP level 10. HP: 76/83 MP: 14/14
  2315 | D:9      | Noticed a two-headed ogre
  2326 | D:9      | Killed a two-headed ogre
  2347 | D:9      | Shot with an arrow by a centaur

Illustrated notes

Levels and vault maps discovered:
D:1:      lightli_molten_gateway, layout_rooms, hangedman_decor_opposing
D:2:      layout_loops_cross, shapermc_ecumenical_altar_mp_urbaneastern,
          basic_altar, serial_shops, shop, hex_large, minmay_misc_feat_tiny,
          grunt_ministairs_6
D:3:      layout_basic, lemuel_doored_altar, mainiacjoe_overflow_catch_the_wave,
          gup_sewer_entry_bubbles, uniq_natasha
D:4:      layout_cave_pods, mainiacjoe_overflow_surrounded_room,
          nicolae_ru_great_annihilating_truth, nrook_campfire, uniq_grinder
D:5:      layout_basic, lemuel_crystal_altar, minmay_statues_item,
          item_on_display_a
D:6:      layout_gridville, minmay_temple_entry_drinking_statues, uniq_edmund,
          uniq_eustachio
D:7:      layout_rooms, xom_teletrap_fun, nicolae_ossuary_entry_plus
D:8:      layout_loops_corners
D:9:      minmay_polygon_palace, layout_basic, minitemple, uniq_psyche

Skill      XL: |  1  2  3  4  5  6  7  8  9 10 |
---------------+-------------------------------+-----
Axes           | 3 4 5 8 9 11 12 | 12.5
Invocations    | 5 |  5.4
Fighting       | 5 6 |  6.7
Armour         | 5 6 |  6.6
Shields        | |  3.2

Action                     |  1- 3 |  4- 6 |  7- 9 | 10-12 || total
---------------------------+-------+-------+-------+-------++-------
  Melee: War axe           |    68 |    41 |   231 |    53 ||   393
 Invoke: Bend Time         |       |       |       |     1 ||     1
         Temporal Distorti |       |       |       |     1 ||     1
    Use: Scroll            |       |     3 |     9 |     3 ||    15
 Armour: Scale mail        |    41 |    32 |   238 |    33 ||   344
  Dodge: Dodged            |    32 |    20 |   135 |    21 ||   208
  Block: Buckler           |    22 |    10 |    65 |    17 ||   114

Table legend: (Time is in decaauts)
 A = Elapsed time spent in this place.
 B = Non-inter-level travel time spent in this place.
 C = Inter-level travel time spent in this place.
 D = Time resting spent in this place.
 E = Time spent auto-exploring this place.
 F = Levels seen in this place.
 G = Mean time per level.
                   A        B        C        D        E       F      G
               +--------+--------+--------+--------+--------+-----+--------+
         Total |   3204 |   3191 |     13 |     31 |      0 |  10 |  320.4 |
       Dungeon |   2982 |   2969 |     13 |     31 |      0 |   9 |  331.3 |
       Ossuary |    222 |    222 |      0 |      0 |      0 |   1 |  222.0 |
               +--------+--------+--------+--------+--------+-----+--------+

Top non-repeatable levels by time:
     D:4: 628 daAuts
     D:6: 469 daAuts
     D:8: 404 daAuts
     D:3: 395 daAuts
     D:7: 292 daAuts
     D:2: 254 daAuts
 Ossuary: 222 daAuts
     D:1: 211 daAuts
     D:5: 199 daAuts
     D:9: 127 daAuts
